3L
NEW AMSTERDAM DUTCHMEN @ KINGSTON TOWNSHIP LEGION
07/29/2029
 
TOP OF THE 1ST
New Amsterdam Dutchmen batting - Pitching for Kingston Township Legion : RHP Jon Briddon
Pitching: RHP Jon Briddon
Batting: RHB Jon Osterman 0-0: Ball
1-0: Swinging Strike
1-1: Swinging Strike
1-2: Strikes out swinging
Batting: RHB Enrique Morales 0-0: Ball
1-0: Called Strike
1-1: Foul Ball, location: 2F
1-2: Ground out 6-3 (Groundball, 6)
Batting: LHB Félix López 0-0: Called Strike
0-1: Ball
1-1: Ball
2-1: Foul Ball, location: 2F
2-2: Foul Ball, location: 2F
2-2: SINGLE (Groundball, 4D)
Batting: LHB SaQwan Hackett 0-0: Ball
1-0: Called Strike
1-1: Swinging Strike
1-2: Foul Ball, location: 2F
1-2: Ball
2-2: Foul Ball, location: 2F
2-2: Strikes out looking
Top of the 1st over - 0 runs, 1 hit, 0 errors, 1 left on base; New Amsterdam 0 - Kingston Township 0
BOTTOM OF THE 1ST
Kingston Township Legion batting - Pitching for New Amsterdam Dutchmen : RHP J.J. Spencer
Pitching: RHP J.J. Spencer
Batting: LHB Armando Reyes 0-0: Ball
1-0: Foul Ball, location: 2F
1-1: Foul Ball, location: 2F
1-2: Strikes out swinging
Batting: LHB António González 0-0: Called Strike
0-1: Ball
1-1: Ball
2-1: Called Strike
2-2: Foul Ball, location: 2F
2-2: DOUBLE (Flyball, 8RXD)
Batting: RHB Dani Trejo 0-0: Called Strike
0-1: Ball
1-1: Foul Ball, location: 2F
1-2: Ball
2-2: SINGLE (Groundball, 56D)
António González to third
Runner from 3rd tries for Home, SAFE, no throw
Batting: LHB Mike Gardner 0-0: Ball
1-0: Swinging Strike
1-1: Ball
2-1: Ball
3-1: Called Strike
3-2: Base on Balls
Dani Trejo to second
Batting: RHB EP Weston 0-0: Ball
1-0: Ball
2-0: Ball
3-0: Base on Balls
Dani Trejo to third
Mike Gardner to second
Batting: LHB Andrés Chávez 0-0: Ball
1-0: Called Strike
1-1: Foul Ball, location: 2F
1-2: Ball
2-2: SINGLE (Line Drive, 34D)
Dani Trejo scores
Mike Gardner to third
EP Weston to second
Batting: RHB Jim Scott 0-0: Called Strike
0-1: Grounds into double play, 6-4-3 (Groundball, 6)
Bottom of the 1st over - 2 runs, 3 hits, 0 errors, 2 left on base; New Amsterdam 0 - Kingston Township 2
TOP OF THE 2ND
New Amsterdam Dutchmen batting - Pitching for Kingston Township Legion : RHP Jon Briddon
Batting: LHB Cornelius Taitt 0-0: Ball
1-0: Fly out, F7 (Flyball, 7LSF)
Batting: LHB Eric Ward 0-0: Foul Ball, location: 2F
0-1: Foul Ball, location: 2F
0-2: Foul Ball, location: 2F
0-2: Ball
1-2: Fly out, F8 (Flyball, 78M)
Batting: RHB John Burton 0-0: Ball
1-0: SINGLE (Groundball, 3D)
Batting: LHB Denis Jerningham 0-0: Called Strike
0-1: Ball
Wild Pitch!
John Burton to second
1-1: Swinging Strike
1-2: Ball
2-2: Ball
3-2: Foul Ball, location: 2F
3-2: Foul Ball, location: 2F
3-2: Foul Ball, location: 2F
3-2: Fly out, F4 (Flyball, 4MD)
Top of the 2nd over - 0 runs, 1 hit, 0 errors, 1 left on base; New Amsterdam 0 - Kingston Township 2
BOTTOM OF THE 2ND
Kingston Township Legion batting - Pitching for New Amsterdam Dutchmen : RHP J.J. Spencer
Batting: RHB Juan Aguirre 0-0: Called Strike
0-1: Ball
1-1: Foul Ball, location: 2F
1-2: Foul Ball, location: 2F
1-2: Ground out 6-3 (Groundball, 6)
Batting: RHB José Icaza 0-0: Foul Ball, location: 2F
0-1: Foul Ball, location: 2F
0-2: Foul Ball, location: 2F
0-2: Ball
1-2: Strikes out swinging
Batting: LHB Armando Reyes 0-0: Ball
1-0: Fly out, F7 (Flyball, 7LS)
Bottom of the 2nd over - 0 runs, 0 hits, 0 errors, 0 left on base; New Amsterdam 0 - Kingston Township 2
TOP OF THE 3RD
New Amsterdam Dutchmen batting - Pitching for Kingston Township Legion : RHP Jon Briddon
Batting: RHB David Pérez 0-0: Called Strike
0-1: Ball
1-1: Ball
2-1: SINGLE (Line Drive, 78M)
Batting: RHB Jon Osterman 0-0: Ball
1-0: Ball
2-0: Called Strike
2-1: DOUBLE (Flyball, 78D)
David Pérez to third
Runner from 3rd tries for Home, SAFE, throw made at trailing runner, OUT at third!
Batting: RHB Enrique Morales 0-0: Ball
1-0: Foul Ball, location: 2F
1-1: Swinging Strike
1-2: Strikes out swinging
Batting: LHB Félix López 0-0: Ball
1-0: Ball
2-0: Ball
3-0: Called Strike
3-1: Base on Balls
Batting: LHB SaQwan Hackett 0-0: Fly out, F9 (Flyball, 89D)
Top of the 3rd over - 1 run, 2 hits, 0 errors, 1 left on base; New Amsterdam 1 - Kingston Township 2
BOTTOM OF THE 3RD
Kingston Township Legion batting - Pitching for New Amsterdam Dutchmen : RHP J.J. Spencer
Batting: LHB António González 0-0: SOLO HOME RUN (Line Drive, 7LD), Distance : 378 ft
Batting: RHB Dani Trejo 0-0: Foul Ball, location: 2F
0-1: Ball
1-1: Ball
2-1: Ball
3-1: Base on Balls
Batting: LHB Mike Gardner 0-0: Called Strike
0-1: Swinging Strike
0-2: Ball
1-2: Ball
2-2: Foul Ball, location: 2F
2-2: Ball
3-2: Fly out, F9 (Flyball, 9S)
Batting: RHB EP Weston 0-0: Ball
1-0: Called Strike
Dani Trejo steals 2nd base
1-1: Ground out 1-3 (Groundball, 13S)
Dani Trejo to third
Batting: LHB Andrés Chávez 0-0: Foul Ball, location: 2F
0-1: Ball
1-1: Foul Ball, location: 2F
1-2: Foul Ball, location: 2F
1-2: Fly out, F8 (Line Drive, 8RM)
Bottom of the 3rd over - 1 run, 1 hit, 0 errors, 1 left on base; New Amsterdam 1 - Kingston Township 3
TOP OF THE 4TH
New Amsterdam Dutchmen batting - Pitching for Kingston Township Legion : RHP Jon Briddon
Batting: LHB Cornelius Taitt 0-0: Called Strike
0-1: Foul Ball, location: 2F
0-2: Ball
1-2: Ball
2-2: Fly out, F8 (Flyball, 8LXD)
Batting: LHB Eric Ward 0-0: Called Strike
0-1: SINGLE (Line Drive, 7S)
Batting: RHB John Burton 0-0: Ball
1-0: Ball
2-0: Foul Ball, location: 2F
2-1: Foul Ball, location: 2F
2-2: Foul Ball, location: 2F
2-2: Foul Ball, location: 2F
2-2: Foul Ball, location: 2F
2-2: Strikes out looking
Batting: LHB Denis Jerningham 0-0: Called Strike
0-1: Ball
1-1: Ground out 1-3 (Groundball, 13)
Top of the 4th over - 0 runs, 1 hit, 0 errors, 1 left on base; New Amsterdam 1 - Kingston Township 3
BOTTOM OF THE 4TH
Kingston Township Legion batting - Pitching for New Amsterdam Dutchmen : RHP J.J. Spencer
Batting: RHB Jim Scott 0-0: Ball
1-0: Ball
2-0: Called Strike
2-1: Ball
3-1: Base on Balls
Batting: RHB Juan Aguirre 0-0: Ball
1-0: SINGLE (Line Drive, 9LS)
Jim Scott to second
Batting: RHB José Icaza 0-0: Ball
1-0: Called Strike
1-1: Called Strike
1-2: Ball
2-2: Foul Ball, location: 2F
2-2: Ball
3-2: SINGLE (Line Drive, 56D)
Jim Scott to third
Juan Aguirre to second
Batting: LHB Armando Reyes 0-0: Called Strike
0-1: Ball
1-1: Ball
2-1: Fielders Choice at 2nd, 4-6 (Groundball, 4M)
Jim Scott scores
Juan Aguirre to third
Batting: LHB António González 0-0: Ball
1-0: Fly out, F9 (Flyball, 9S)
Batting: RHB Dani Trejo 0-0: Swinging Strike
0-1: Ball
1-1: Called Strike
1-2: SINGLE (Flyball, 9LS)
Juan Aguirre scores
Armando Reyes to second
Runner from 2nd tries for 3rd, SAFE, no throw
Batting: LHB Mike Gardner 0-0: Ball
1-0: Ball
2-0: Called Strike
2-1: Called Strike
2-2: Strikes out looking
Bottom of the 4th over - 2 runs, 3 hits, 0 errors, 2 left on base; New Amsterdam 1 - Kingston Township 5
TOP OF THE 5TH
New Amsterdam Dutchmen batting - Pitching for Kingston Township Legion : RHP Jon Briddon
Batting: RHB David Pérez 0-0: Ground out 6-3 (Groundball, 6M)
Batting: RHB Jon Osterman 0-0: Ball
1-0: Swinging Strike
1-1: SINGLE (Line Drive, 6D)
Batting: RHB Enrique Morales 0-0: Ball
Jon Osterman steals 2nd base
1-0: Foul Ball, location: 2F
1-1: Foul Ball, location: 2F
1-2: Foul Ball, location: 2F
1-2: DOUBLE (Line Drive, 78M)
Jon Osterman scores
Batting: LHB Félix López 0-0: Ball
1-0: Ball
2-0: Reached on error, E3 (Groundball, 3)
Enrique Morales to third
Batting: LHB SaQwan Hackett 0-0: Fly out, F5 (Popup, 5F)
Batting: LHB Cornelius Taitt 0-0: Foul Ball, location: 2F
0-1: Ball
1-1: Ground out 5-3 (Groundball, 56S)
Top of the 5th over - 1 run, 2 hits, 1 error, 2 left on base; New Amsterdam 2 - Kingston Township 5
BOTTOM OF THE 5TH
Kingston Township Legion batting - Pitching for New Amsterdam Dutchmen : RHP J.J. Spencer
Batting: RHB EP Weston 0-0: Called Strike
0-1: Ball
1-1: Ball
2-1: SINGLE (Groundball, 56D)
Batting: LHB Andrés Chávez 0-0: Sac Bunt - play at first, batter OUT! 1-3
EP Weston to second
Batting: RHB Jim Scott 0-0: Ball
1-0: Ball
2-0: Ball
3-0: Called Strike
3-1: Base on Balls
Batting: RHB Juan Aguirre 0-0: Ball
1-0: Called Strike
1-1: SINGLE (Groundball, 4MS) (infield hit)
EP Weston to third
Jim Scott to second
Batting: RHB José Icaza 0-0: Called Strike
0-1: Ball
1-1: Grounds into double play, 5-4-3 (Groundball, 56)
Bottom of the 5th over - 0 runs, 2 hits, 0 errors, 2 left on base; New Amsterdam 2 - Kingston Township 5
TOP OF THE 6TH
New Amsterdam Dutchmen batting - Pitching for Kingston Township Legion : RHP Jon Briddon
Batting: LHB Eric Ward 0-0: Ball
1-0: Foul Ball, location: 2F
1-1: Fly out, F9 (Flyball, 9LS)
Batting: RHB John Burton 0-0: Ball
1-0: Called Strike
1-1: Called Strike
1-2: Ball
2-2: Fly out, F9 (Line Drive, 9D)
Batting: LHB Denis Jerningham 0-0: Ball
1-0: Swinging Strike
1-1: Ball
2-1: Fly out, F7 (Flyball, 7LM)
Top of the 6th over - 0 runs, 0 hits, 0 errors, 0 left on base; New Amsterdam 2 - Kingston Township 5
BOTTOM OF THE 6TH
Kingston Township Legion batting - Pitching for New Amsterdam Dutchmen : RHP J.J. Spencer
Batting: LHB Armando Reyes 0-0: Foul Ball, location: 2F
0-1: Called Strike
0-2: Ball
1-2: Ground out U3 (Groundball, 3L)
Batting: LHB António González 0-0: Ball
1-0: Ball
2-0: Ball
3-0: Called Strike
3-1: Called Strike
3-2: Ground out 6-3 (Groundball, 6)
Batting: RHB Dani Trejo 0-0: Called Strike
0-1: Ball
1-1: Ground out 6-3 (Groundball, 6M)
Bottom of the 6th over - 0 runs, 0 hits, 0 errors, 0 left on base; New Amsterdam 2 - Kingston Township 5
TOP OF THE 7TH
New Amsterdam Dutchmen batting - Pitching for Kingston Township Legion : RHP Jon Briddon
Batting: RHB David Pérez 0-0: Called Strike
0-1: Swinging Strike
0-2: Strikes out swinging
Batting: RHB Jon Osterman 0-0: Ball
1-0: Foul Ball, location: 2F
1-1: Foul Ball, location: 2F
1-2: Foul Ball, location: 2F
1-2: Strikes out looking
Batting: RHB Enrique Morales 0-0: Fly out, F1 (Popup, 15)
Top of the 7th over - 0 runs, 0 hits, 0 errors, 0 left on base; New Amsterdam 2 - Kingston Township 5
BOTTOM OF THE 7TH
Kingston Township Legion batting - Pitching for New Amsterdam Dutchmen : RHP J.J. Spencer
Batting: LHB Mike Gardner 0-0: Fly out, F6 (Line Drive, 6M)
Batting: RHB EP Weston 0-0: Ball
1-0: Fly out, F8 (Flyball, 8LS)
Batting: LHB Andrés Chávez 0-0: Foul Ball, location: 2F
0-1: Ball
1-1: Foul Ball, location: 2F
1-2: Ball
2-2: Ground out U3 (Groundball, 3)
Bottom of the 7th over - 0 runs, 0 hits, 0 errors, 0 left on base; New Amsterdam 2 - Kingston Township 5
TOP OF THE 8TH
New Amsterdam Dutchmen batting - Pitching for Kingston Township Legion : RHP Jon Briddon
Batting: LHB Félix López 0-0: Ball
1-0: Foul Ball, location: 2F
1-1: Ball
2-1: Foul Ball, location: 2F
2-2: Ball
3-2: Foul Ball, location: 2F
3-2: Base on Balls
Pitching: RHP Kyung-un Yi
Batting: LHB SaQwan Hackett 0-0: Called Strike
0-1: Ball
1-1: Ball
2-1: 2-RUN HOME RUN (Flyball, 7LD), Distance : 384 ft
Batting: LHB Cornelius Taitt 0-0: Called Strike
0-1: Ground out 5-3 (Groundball, 5L)
Batting: LHB Eric Ward 0-0: Called Strike
0-1: SINGLE (Line Drive, 89S)
Batting: RHB John Burton 0-0: Grounds into double play, 4-6-3 (Groundball, 4)
Top of the 8th over - 2 runs, 2 hits, 0 errors, 0 left on base; New Amsterdam 4 - Kingston Township 5
BOTTOM OF THE 8TH
Kingston Township Legion batting - Pitching for New Amsterdam Dutchmen : RHP J.J. Spencer
Batting: RHB Jim Scott 0-0: Foul Ball, location: 2F
0-1: Ball
1-1: Ball
2-1: Ball
3-1: Fly out, F8 (Flyball, 89XD)
Batting: RHB Juan Aguirre 0-0: Ball
1-0: Fly out, F7 (Line Drive, 7)
Batting: RHB José Icaza 0-0: Ground out 5-3 (Groundball, 56)
Bottom of the 8th over - 0 runs, 0 hits, 0 errors, 0 left on base; New Amsterdam 4 - Kingston Township 5
TOP OF THE 9TH
New Amsterdam Dutchmen batting - Pitching for Kingston Township Legion : RHP Kyung-un Yi
Pitching: RHP John Riggleman
Batting: LHB Denis Jerningham 0-0: Ball
1-0: Called Strike
1-1: Swinging Strike
1-2: Foul Ball, location: 2F
1-2: Foul Ball, location: 2F
1-2: Strikes out swinging
Pinch Hitting: RHB Hank Wilder 0-0: Swinging Strike
0-1: Ball
1-1: Foul Ball, location: 2F
1-2: Strikes out swinging
Batting: RHB Jon Osterman 0-0: Fly out, F9 (Flyball, 89M)
Top of the 9th over - 0 runs, 0 hits, 0 errors, 0 left on base; New Amsterdam 4 - Kingston Township 5
Tuesday, December 19th, 2017 - OOTP Baseball 18.8 Build 76